 Dungeon Crawl Stone Soup version 0.26.1-2-gb8aa6d0cf2 (webtiles) character file.

Game seed: 1116997586669232118

64 Azunone the Caller (level 4, -7/32 HPs)
             Began as a Gnoll Wanderer on Mar 20, 2021.
             Killed by nerve-wracking pain
             ... invoked by a shadow imp
              (14 damage)
             ... on level 2 of the Dungeon.
             The game lasted 00:04:31 (2150 turns).

Azunone the Caller (Gnoll Wanderer)                 Turns: 2150, Time: 00:04:32

Health: -7/32      AC: 10    Str: 12    XL:     4   Next: 12%
Magic:  11/11      EV: 10    Int: 15    God:
Gold:   64         SH:  0    Dex: 17    Spells: 12/13 levels left

rFire    . . .     SeeInvis .   k - -1 dagger (curse)
rCold    . . .     Faith    .   (no shield)
rNeg     . . .     Spirit   .   d - +0 swamp dragon scales
rPois    +         Reflect  .   i - +0 helmet
rElec    .         Harm     .   (no cloak)
rCorr    .         Rampage  .   (no gloves)
Will     .....                  f - +1 pair of boots
Stlth    +.........             (no amulet)
HPRegen  0.10/turn              (no ring)
MPRegen  0.12/turn              (no ring)

@: no status effects
A: distributed training, fangs 1, strong nose
a: no special abilities


You were on level 2 of the Dungeon.
You visited 1 branch of the dungeon, and saw 2 of its levels.

You collected 64 gold pieces.

Inventory:

Hand Weapons
 a - a +0 dagger
 k - a cursed -1 dagger (weapon)
Armour
 d - +0 swamp dragon scales (worn)
 f - a +1 pair of boots (worn)
 i - a +0 helmet (worn)
Potions
 b - 2 potions of lignification
 e - a potion of curing {unknown}
 h - a potion of invisibility {unknown}
 j - a potion of haste


   Skills:
 + Level 1.0 Fighting
 + Level 1.0 Short Blades
 + Level 1.0 Long Blades
 + Level 1.0 Axes
 + Level 1.0 Maces & Flails
 + Level 1.0 Polearms
 + Level 1.0 Staves
 + Level 1.0 Slings
 + Level 1.0 Bows
 + Level 1.0 Crossbows
 + Level 2.7 Throwing
 + Level 1.0 Armour
 + Level 1.0 Dodging
 + Level 1.0 Stealth
 + Level 1.0 Shields
 + Level 1.0 Unarmed Combat
 + Level 5.0 Spellcasting
 + Level 2.2 Conjurations
 + Level 0.8 Hexes
 + Level 7.1 Summonings
 + Level 0.8 Necromancy
 + Level 0.8 Translocations
 + Level 0.8 Transmutations
 + Level 0.8 Fire Magic
 + Level 2.2 Ice Magic
 + Level 0.8 Air Magic
 + Level 0.8 Earth Magic
 + Level 0.8 Poison Magic
 + Level 1.1 Invocations
 + Level 2.7 Evocations


You had 12 spell levels left.
You knew the following spells:

 Your Spells              Type           Power        Failure   Level
a - Magic Dart            Conj           40%          16%         1

Your spell library contained the following spells:

 Spells                   Type           Power        Failure   Level
 Call Imp                 Summ           25%          3%          2
 Blink                    Tloc           N/A          36%         2
 Slow                     Hex            6%           36%         2
 Conjure Flame            Conj/Fire      8%           52%         3
 Mephitic Cloud           Conj/Pois/Air  7%           54%         3


Dungeon Overview and Level Annotations

Branches:
Dungeon (2/15)

Altars:


Innate Abilities, Weirdness & Mutations

Your experience applies equally to all skills.
You have very sharp teeth.
Your uncanny sense of smell can sniff out nearby items.


Message History

The shadow imp misses you.
You hit the shadow imp.
The shadow imp is severely wounded.
You hit the shadow imp but do no damage.
The shadow imp is severely wounded.
The shadow imp barely misses you.
You barely miss the shadow imp.
The shadow imp is severely wounded.
The shadow imp barely misses you.
You hit the shadow imp but do no damage.
The shadow imp is severely wounded.
The shadow imp closely misses you.
You hit the shadow imp but do no damage.
The shadow imp is severely wounded.
The shadow imp hits you but does no damage.
You barely miss the shadow imp.
The shadow imp is severely wounded.
The shadow imp gestures at you. Pain shoots through your body!
You die...

..##########.#### #.......# #.#
.....§......÷.).###############..
..#############.#?............##.
..# #.#.............#.w ..#
#.#.............#.# ###
#.#....≈≈≈≈≈....#.#
#.#......≈......#w#
#.#.....$≈?!....#r#
#.@..≈≈≈≈#≈≈w≈..ww#
###5.....≈......###
*.....?≈[.....* *....≈≈≈≈≈....*
*.............* *.............*
*.............* *#############*


You could see a shadow imp.

Vanquished Creatures
  2 adders (D:2)
  A worm (D:2)
  5 dart slugs
  A leopard gecko (D:2)
  A ball python (D:2)
  3 giant cockroaches (D:1)
  6 goblins
  A hobgoblin (D:1)
  5 kobolds
  A quokka (D:1)
  2 bats
  3 frilled lizards
  3 rats (D:2)
34 creatures vanquished.

Notes
Turn   | Place    | Note
-------+----------+-------------------------------------------
     0 | D:1      | Azunone the Gnoll Wanderer began the quest for the Orb.
     0 | D:1      | Azunone set off with the following items: a +0 dagger, 2
                  | potions of lignification, a +0 robe; and the following
                  | spell memorised: Magic Dart; and the following spells
                  | available to memorise: Call Imp, Blink, Slow, Conjure
                  | Flame, Mephitic Cloud
     0 | D:1      | Reached XP level 1. HP: 13/13 MP: 6/6
   255 | D:1      | Reached XP level 2. HP: 14/19 MP: 7/7
  1037 | D:1      | Reached XP level 3. HP: 23/25 MP: 9/9
  1110 | D:2      | Reached skill level 5 in Spellcasting
  1239 | D:2      | Reached skill level 1 in Invocations
  1498 | D:2      | Reached skill level 1 in Fighting
  1498 | D:2      | Reached skill level 1 in Short Blades
  1498 | D:2      | Reached skill level 1 in Long Blades
  1498 | D:2      | Reached skill level 1 in Axes
  1498 | D:2      | Reached skill level 1 in Maces & Flails
  1498 | D:2      | Reached skill level 1 in Polearms
  1498 | D:2      | Reached skill level 1 in Staves
  1498 | D:2      | Reached skill level 1 in Slings
  1498 | D:2      | Reached skill level 1 in Bows
  1498 | D:2      | Reached skill level 1 in Crossbows
  1498 | D:2      | Reached skill level 1 in Armour
  1498 | D:2      | Reached skill level 1 in Dodging
  1498 | D:2      | Reached skill level 1 in Stealth
  1498 | D:2      | Reached skill level 1 in Shields
  1498 | D:2      | Reached skill level 1 in Unarmed Combat
  1501 | D:2      | HP: 1/26 [dart slug/slug dart (6)]
  1645 | D:2      | Reached XP level 4. HP: 15/32 MP: 11/11
  2150 | D:2      | Killed from afar by a shadow imp

Illustrated notes

Levels and vault maps discovered:
D:1:      roderic_dead_forest, layout_loops_ring
D:2:      layout_rooms, kennysheep_generic_room_16

Skill      XL: |  1  2  3 |
---------------+----------+-----
Conjurations   | 2 |  2.2
Ice Magic      | 2 |  2.2
Spellcasting   | 5 |  5.0
Invocations    | 1 |  1.1
Fighting       | 1 |  1.0
Short Blades   | 1 |  1.0
Long Blades    | 1 |  1.0
Axes           | 1 |  1.0
Maces & Flails | 1 |  1.0
Polearms       | 1 |  1.0
Staves         | 1 |  1.0
Slings         | 1 |  1.0
Bows           | 1 |  1.0
Crossbows      | 1 |  1.0
Armour         | 1 |  1.0
Dodging        | 1 |  1.0
Stealth        | 1 |  1.0
Shields        | 1 |  1.0
Unarmed Combat | 1 |  1.0
Throwing       | |  2.7
Hexes          | |  0.8
Summonings     | |  7.1
Necromancy     | |  0.8
Translocations | |  0.8
Transmutations | |  0.8
Fire Magic     | |  0.8
Air Magic      | |  0.8
Earth Magic    | |  0.8
Poison Magic   | |  0.8
Evocations     | |  2.7

Action                   |  1- 3 |  4- 6 || total
-------------------------+-------+-------++-------
Melee: Dagger            |   218 |    64 ||   282
       Bite              |    29 |    10 ||    39
       Punch             |     1 |       ||     1
  Use: Scroll            |       |     4 ||     4
Armor: Swamp dragon scal |   111 |    14 ||   125
       Robe              |     1 |       ||     1
Dodge: Dodged            |   124 |    19 ||   143
